 Dungeon Crawl Stone Soup version 0.28.0-53-g5a82cb258f (webtiles) character file.

Game seed: 3411480646696750280

229 Infinimo the Skirmisher (level 6, -5/63 HPs)
             Began as an Ogre Gladiator on May 28, 2022.
             Slain by an iguana (7 damage)
             ... on level 4 of the Dungeon.
             The game lasted 00:04:24 (5600 turns).

Infinimo the Skirmisher (Ogre Gladiator)            Turns: 5600, Time: 00:04:25

Health: -5/63      AC:  3    Str: 21    XL:     6   Next: 3%
Magic:  6/6        EV: 10    Int:  9    God:
Gold:   129        SH:  0    Dex: 10    Spells: 5/5 levels left

rFire   . . .      SeeInvis .   a - +0 flail
rCold   . . .      Faith    .   (no shield)
rNeg    . . .      Spirit   .   b - +0 robe
rPois   .          Reflect  .   c - +0 hat
rElec   .          Harm     .   (no cloak)
rCorr   .          Rampage  .   (gloves unavailable)
Will    .....                   (boots unavailable)
Stlth   +.........              (no amulet)
HPRegen 0.20/turn               (no ring)
MPRegen 0.10/turn               (no ring)

@: no status effects
A: large, unfitting armour, tough skin 1
a: no special abilities


You were on level 4 of the Dungeon.
You visited 1 branch of the dungeon, and saw 4 of its levels.
You also visited: Sewer.

You collected 129 gold pieces.

Inventory:

Hand Weapons
 a - a +0 flail (weapon)
Missiles
 d - 3 throwing nets (quivered)
Armour
 b - a +0 robe (worn)
 c - a +0 hat (worn)
Jewellery
 h - the ring of the Messenger {rF+ rC+}
   (You found it on level 2 of the Dungeon)

   [ring of protection from fire]

   rF:        It protects you from fire.
   rC:        It protects you from cold.
 t - a ring of ice
Scrolls
 i - a scroll of fog {unknown}
 j - 2 scrolls of enchant weapon {unknown}
 k - a scroll of amnesia
 m - a scroll of acquirement {unknown}
 p - a scroll of identify
 q - a scroll of blinking {unknown}
 r - a scroll of immolation {unknown}
 s - a scroll of torment {unknown}
Potions
 e - a potion of flight
 f - a potion of attraction
 g - a potion of brilliance {unknown}
 l - 4 potions of curing
 n - 2 potions of heal wounds {unknown}
 o - a potion of haste {unknown}


   Skills:
 + Level 4.6 Fighting
 + Level 3.7 Maces & Flails
 + Level 3.4 Throwing
 + Level 3.7 Dodging


You had 5 spell levels left.
You didn't know any spells.
Your spell library contained the following spells:

 Spells                   Type           Power      Damage    Failure   Level
 Ensorcelled Hibernation  Hex/Ice        0%         N/A       52%         2
 Passwall                 Tmut/Erth      0%         N/A       52%         2
 Ignite Poison            Fire/Tmut/Pois 0%         N/A       77%         3
 Mephitic Cloud           Conj/Pois/Air  0%         N/A       77%         3
 Swiftness                Air            0%         N/A       77%         3
 Freezing Cloud           Conj/Ice/Air   0%         6-21      100%        5


Dungeon Overview and Level Annotations

Branches:
Dungeon (4/15)              Sewer (visited)
 Temple: D:4-7

Altars:
Yredelemnul


Innate Abilities, Weirdness & Mutations

You are too large for most types of armour.
You have tough skin. (AC +1)


Message History

You completely miss the iguana.
The iguana is lightly wounded.
The iguana bites you!
You hit the iguana but do no damage.
The iguana is lightly wounded.
The iguana bites you!
You hit the iguana.
The iguana is heavily wounded.
The iguana closely misses you.
You closely miss the iguana.
The iguana is heavily wounded.
The iguana misses you. The iguana bites you.
You barely miss the iguana.
The iguana is heavily wounded.
The iguana barely misses you.
You barely miss the iguana.
The iguana is heavily wounded.
The iguana barely misses you.
You hit the iguana. You punch the iguana, but do no damage.
The iguana is severely wounded.
The iguana bites you.
You hit the iguana.
The iguana is almost dead.
The iguana closely misses you.
You closely miss the iguana.
The iguana is almost dead.
The iguana bites you! x2
* * * LOW HITPOINT WARNING * * *
You hit the iguana but do no damage.
The iguana is almost dead.
The iguana bites you but does no damage.
You hit the iguana but do no damage.
The iguana is almost dead.
The iguana bites you!
* * * LOW HITPOINT WARNING * * *
Okay, then.
You hit the iguana but do no damage.
The iguana is almost dead.
The iguana bites you!
You die...

#.# #.#
#.# #.#
#.# #.#
#l####.#
#@.....#
########


You could see an iguana.

Vanquished Creatures
  An orc priest (D:2)
  5 adders
  4 gnolls
  4 river rats (Sewer)
  3 worms (D:3)
  A dart slug (D:1)
  4 orcs
  3 endoplasms
  A giant cockroach (D:2)
  6 goblins
  3 hobgoblins
  4 jackals (D:3)
  3 quokkas
  9 ball pythons
  3 bats (D:1)
  4 frilled lizards
  5 kobolds
  13 rats
76 creatures vanquished.

Notes
Turn   | Place    | Note
-------+----------+-------------------------------------------
     0 | D:1      | Infinimo the Ogre Gladiator began the quest for the Orb.
     0 | D:1      | Reached XP level 1. HP: 22/22 MP: 1/1
   216 | D:1      | Reached XP level 2. HP: 23/29 MP: 2/2
   221 | D:1      | Reached skill level 3 in Fighting
   540 | D:1      | Found a faded altar of an unknown god.
  1102 | D:1      | Reached XP level 3. HP: 37/37 MP: 3/3
  1422 | D:2      | Identified the ring of the Messenger {rF+ rC+}
  2339 | D:3      | Found a glowing drain.
  2351 | Sewer    | Entered a sewer
  2383 | Sewer    | Reached XP level 4. HP: 44/48 MP: 4/4
  2837 | Sewer    | Reached skill level 4 in Fighting
  3117 | Sewer    | Reached XP level 5. HP: 49/54 MP: 5/5
  4154 | D:3      | Found a basalt altar of Yredelemnul.
  5557 | D:3      | Reached XP level 6. HP: 62/63 MP: 6/6
  5599 | D:4      | HP: 1/63 [iguana (11)]
  5600 | D:4      | Slain by an iguana

Illustrated notes

Levels and vault maps discovered:
D:1:      dpeg_arrival_round_a, layout_basic, hellmonk_ecumenical_altar_run_dry,
          nrook_campfire, chequers_serial_rivers_room_a
D:2:      minmay_angry_zag, layout_loops_cross
D:3:      layout_basic, general_overflow_altar, serial_corexii_hall,
          chequers_hall_statues_wall_a, corexii_hall_statues_t,
          cheibrodos_sewer_entry_sluice
D:4:      layout_loops_ring

Skill      XL: |  1  2  3  4  5 |
---------------+----------------+-----
Fighting       | 3 4 |  4.6
Dodging        | 3 |  3.7
Maces & Flails | 3 |  3.7
Throwing       | 3 |  3.4

Action                   |  1- 3 |  4- 6 || total
-------------------------+-------+-------++-------
Melee: Flail             |   111 |   173 ||   284
       Punch             |     1 |     4 ||     5
  Use: Scroll            |     8 |       ||     8
 Stab: Sleeping          |     1 |     1 ||     2
Armor: Robe              |    35 |    31 ||    66
Dodge: Dodged            |    65 |    93 ||   158
